 Dungeon Crawl Stone Soup version 0.30.1-3-gfc49f6343a (webtiles) character file.

Game seed: 6241009649868601211

4 Bronimir the Gusty (level 1, -2/16 HPs)
             Began as an Ogre Air Elementalist on July 29, 2023.
             Slain by a goblin
             ... wielding a +0 club
              (3 damage)
             ... on level 1 of the Dungeon.
             The game lasted 00:00:39 (70 turns).

Bronimir the Gusty (Ogre Air Elementalist)            Turns: 70, Time: 00:00:40

Health: -2/16      AC:  3    Str: 11    XL:     1   Next: 60%
Magic:  1/3        EV:  9    Int: 16    God:
Gold:   0          SH:  0    Dex:  9    Spells: 3/4 levels left

rFire   . . .        (no weapon)
rCold   . . .        (no shield)
rNeg    . . .        a - +0 robe
rPois   .            (helmet restricted)
rElec   .            (no cloak)
rCorr   .            (gloves unavailable)
SInv    .            (boots unavailable)
Will    .....        (no amulet)
Stlth   +            (no ring)
HPRegen 0.22/turn    (no ring)
MPRegen 0.08/turn

%: no passive effects
@: no status effects
A: large, unfitting armour, tough skin 1
a: no special abilities


You were on level 1 of the Dungeon.
You visited 1 branch of the dungeon, and saw 1 of its levels.

Inventory:

Armour
 a - a +0 robe (worn)
Scrolls
 c - 3 scrolls of identify {unknown}


   Skills:
 + Level 1.7 Dodging
 + Level 1.4 Stealth
 + Level 2.4 Spellcasting
 + Level 0.8 Conjurations
 + Level 3.0 Air Magic


You had 3 spell levels left.
You knew the following spells:

 Your Spells              Type           Power      Damage    Failure   Level
a - Shock                 Conj/Air       32%        1d5       9%          1

Your spell library contained the following spells:

 Spells                   Type           Power      Damage    Failure   Level
 Static Discharge         Conj/Air       16%        2-3/arc   14%         2
 Swiftness                Air            11%        N/A       17%         3
 Airstrike                Air            5%         2d(1-17)  50%         4


Dungeon Overview and Level Annotations

Branches:
Dungeon (1/15)

Altars:


Innate Abilities, Weirdness & Mutations

You are too large for most types of armour.
You have tough skin. (AC +1)


Message History

The jackal is almost dead.
The jackal bites you.
The jackal bites you but does no damage.
The goblin hits you with a +0 club.
You hit the jackal.
You kill the jackal!
The goblin hits you with a +0 club.
Your Air Magic skill increases to level 3!
The goblin hits you with a +0 club.
* * * LOW HITPOINT WARNING * * *
You see here a jackal corpse.
You are too injured to fight recklessly!
You are too injured to fight recklessly!
The goblin attacks as you move away! The goblin hits you with a +0 club.
* * * LOW HITPOINT WARNING * * *
The goblin attacks as you move away! The goblin barely misses you.
Magic courses through your body. The goblin hits you but does no damage.
You are too injured to fight recklessly!
Casting: Shock (safe; 9% risk of failure)
Confirm with . or Enter, or press ? or * to list all spells.
Aiming: Shock (safe; 9% risk of failure)
Press: ? - help, Shift-Dir - straight line, f - goblin
Aim: a goblin, wielding a +0 club (60% to hit)
The zap hits the goblin.
The goblin is moderately wounded.
The goblin barely misses you.
Casting: Shock (safe; 9% risk of failure)
Confirm with . or Enter, or press ? or * to list all spells.
Aiming: Shock (safe; 9% risk of failure)
Press: ? - help, Shift-Dir - straight line, f/p - goblin
Aim: a goblin, wielding a +0 club (moderately wounded, 60% to hit)
The zap misses the goblin.
The goblin hits you with a +0 club.
* * * LOW HITPOINT WARNING * * *
Casting: Shock (safe; 9% risk of failure)
Confirm with . or Enter, or press ? or * to list all spells.
Aiming: Shock (safe; 9% risk of failure)
Press: ? - help, Shift-Dir - straight line, f/p - goblin
Aim: a goblin, wielding a +0 club (moderately wounded, 60% to hit)
The zap misses the goblin.
The goblin hits you with a +0 club.
You die...

.............#
#....##....#.###
..#.♣♣♣.♣♣.#.†.#
#........#.#.#
#..#''#..#.#........
## #..####.#######.#
♣..♣D♣#.# ♣.<♣♣ #g#
#### #@# #...#
#...... #.....#.
##....... ##...# ##
#...# #...#


You could see a goblin.

Vanquished Creatures
  2 jackals (D:1)
  A bat (D:1)
  A frilled lizard (D:1)
4 creatures vanquished.

Notes
Turn   | Place    | Note
-------+----------+-------------------------------------------
     0 | D:1      | Bronimir the Ogre Air Elementalist began the quest for the
                  | Orb.
     0 | D:1      | Reached XP level 1. HP: 16/16 MP: 3/3
    36 | D:1      | Noticed a six-headed hydra
    60 | D:1      | Reached skill level 3 in Air Magic
    70 | D:1      | Slain by a goblin

Illustrated notes

Levels and vault maps discovered:
D:1:      sevenhm_arrival_forest_fort_small_2, layout_loops_ring, serial_shops,
          nicolae_shop_tiny_statue_garden

Skill      XL: |  1 |
---------------+----+-----
Air Magic      | 3 |  3.0
Dodging        | |  1.7
Stealth        | |  1.4
Spellcasting   | |  2.4
Conjurations   | |  0.8

Action                     || total
---------------------------++-------
  Melee: Unarmed           ||    13
   Cast: Shock             ||     8
    Use: Potion            ||     1
 Armour: Robe              ||     5
  Dodge: Dodged            ||    19
